 Dungeon Crawl Stone Soup version 0.17.2-1-ge4368a0 (webtiles) character file.

699 Goblin1989 the Covert (level 7, 0/34 HPs)
             Began as a Vine Stalker Assassin on Sept 17, 2016.
             Splashed by a jelly's acid (8 damage)
             ... on level 5 of the Dungeon.
             The game lasted 00:11:51 (2749 turns).

Goblin1989 the Covert (Vine Stalker Assassin)       Turns: 2749, Time: 00:11:52

Health: 0/34       AC: -8    Str: 14    XL:     7   Next: 65%
Magic:  0/8        EV: 11    Int: 11    God:
Gold:   276        SH:  0    Dex: 17    Spells: 0 memorised, 6 levels left

rFire  . . .     SeeInvis .     a - +2 dagger
rCold  . . .     Clarity  .     c - +0 robe
rNeg   + . .     SustAt   .     (no shield)
rPois  .         Gourm    .     x - +0 helmet
rElec  .         Spirit   +     d - +0 cloak
rCorr  .         Warding  .     (no gloves)
rMut   .         Stasis   +     (no boots)
MR     .....                    f - amulet of stasis
Stlth  ++++......               (no ring)
                                m - ring of positive energy

@: corroded equipment, not resistant to hostile enchantments, stealthy
A: fangs 2, regeneration 2, magic shield, antimagic bite, no device heal 3, rot
immunity
a: no special abilities


You were on level 5 of the Dungeon.
You were not hungry.

You visited 1 branch of the dungeon, and saw 5 of its levels.
You also visited: Sewer.

You collected 276 gold pieces.

Inventory:

Hand Weapons
 a - a +2 dagger (weapon)
 b - a +0 blowgun
Missiles
 e - 15 poisoned needles
 p - 8 needles of slowing
 w - a throwing net (quivered)
 y - 2 curare-tipped needles
Armour
 c - a +0 robe (worn)
 d - a +0 cloak (worn)
 x - a +0 helmet (worn)
Jewellery
 f - an amulet of stasis (around neck)
 l - an uncursed ring of ice
 m - a ring of positive energy (left hand)
Scrolls
 i - 3 scrolls of remove curse
 j - a scroll of fog {unknown}
 n - 3 scrolls of teleportation {unknown}
 q - 3 scrolls of random uselessness {unknown}
 r - a scroll of enchant armour {unknown}
 s - a scroll of recharging {unknown}
 t - a scroll of magic mapping
Potions
 h - a potion of cure mutation {unknown}
 o - a potion of mutation
 u - a potion of might {unknown}
 v - 3 potions of flight {unknown}
 A - 6 potions of curing
 B - a potion of poison {unknown}
 C - a potion of brilliance {unknown}
 F - a potion of heal wounds {unknown}
 G - a potion of invisibility {unknown}
 H - a potion of agility {unknown}
Comestibles
 g - 5 bread rations
 k - 3 fruits
 z - a beef jerky
 D - a meat ration
 E - a slice of pizza


   Skills:
 - Level 1.7 Fighting
 * Level 6.1 Short Blades
 - Level 1.7 Throwing
 - Level 0.7 Dodging
 + Level 8.0 Stealth


You had 6 spell levels left.
You didn't know any spells.

Dungeon Overview and Level Annotations

Branches:
Dungeon (5/15)
 Temple: D:4-7

Altars:
Ashenzari
Kikubaaqudgha
Okawaru
Qazlal
The Shining One

Annotations:
D:2 Natasha


Innate Abilities, Weirdness & Mutations

You have extremely sharp teeth.
You heal very quickly.
When hurt, damage is shared between your health and your magic reserves.
Your bite disrupts and absorbs the magic of your enemies.
Potions and wands cannot restore your health.
You are immune to rotting.


Message History

You now have 1/8 mp.
There is an open door here.
You barely miss the jelly.
The jelly is heavily wounded.
You hit the jelly but do no damage.
Your hands burn!
The jelly is heavily wounded.
The jelly misses you.
You now have 1/8 mp.
You hit the jelly.
Your hands burn!
The jelly is heavily wounded.
The jelly closely misses you.
You take 3 damage, and have 13/34 hp.
You hit the jelly.
Your hands burn!
* * * LOW HITPOINT WARNING * * *
You bite the jelly, but do no damage.
The jelly is heavily wounded.
The jelly hits you.
* * * LOW HITPOINT WARNING * * *
You are splashed with acid!
The acid corrodes you!
The acid burns!
You die...

..+.......................#.#####
..#.............####'####.#. #
..#.....(..........#.# #
..#.....(........#.#.#
..#................#.####.#
..#.......................#
...^...............#.######.#
..............[.............#
......########+#@#.#.########
......# #.#J#.#.# ......#
#.#.#.#<# ####### ###'#...#.##
#..........# #..........#
#..........# #..........+ .
#..........#


You could see a jelly.

Vanquished Creatures
  Sigmund (D:2)
  A phantom (D:5)
  Blork the orc (D:5)
  A big kobold (Sewer)
  A scorpion (D:4)
  An orc wizard (D:4)
  A giant frog skeleton (D:5)
  Natasha (D:2)
  2 iguanas (D:4)
  Robin (D:3)
  A river rat (Sewer)
  2 adders
  An adder skeleton (D:4)
  3 worms
  3 giant geckos
  9 orcs (D:4)
  7 bats
  3 giant cockroaches
  6 hobgoblins
  3 jackals
  11 kobolds
  2 quokkas
  3 giant newts
  15 goblins
  A quokka skeleton (D:5)
  12 rats
  A fungus (D:1)
94 creatures vanquished.

Notes
Turn   | Place    | Note
--------------------------------------------------------------
     0 | D:1      | Goblin1989 the Vine Stalker Assassin began the quest for the Orb.
     0 | D:1      | Reached XP level 1. HP: 11/11 MP: 2/2
    93 | D:1      | Reached skill level 5 in Stealth
    99 | D:1      | Reached XP level 2. HP: 15/15 MP: 3/3
   582 | D:1      | Reached XP level 3. HP: 14/18 MP: 2/4
   931 | D:2      | Noticed Sigmund
   939 | D:2      | Killed Sigmund
   939 | D:2      | Reached skill level 6 in Stealth
   939 | D:2      | Reached XP level 4. HP: 19/23 MP: 3/5
   939 | D:2      | Reached XP level 5. HP: 21/26 MP: 3/6
  1047 | D:2      | Noticed Natasha
  1054 | D:2      | Killed Natasha
  1054 | D:2      | Gained mutation: You heal very quickly. [Vine Stalker growth]
  1054 | D:2      | Reached XP level 6. HP: 25/30 MP: 7/7
  1100 | D:2      | Found an iron altar of Okawaru.
  1140 | D:2      | Found a shattered altar of Ashenzari.
  1267 | D:2      | Noticed Natasha
  1300 | D:3      | Noticed Robin
  1316 | D:3      | Killed Robin
  1393 | D:3      | Found an ancient bone altar of Kikubaaqudgha.
  1465 | D:3      | You fall through a shaft!
  1504 | D:4      | Found a glowing drain.
  1521 | Sewer    | Entered a sewer
  1620 | Sewer    | Reached skill level 5 in Short Blades
  1620 | Sewer    | Reached skill level 7 in Stealth
  1713 | Sewer    | Found a white marble altar of Elyvilon.
  1808 | D:4      | Found a glowing golden altar of the Shining One.
  2165 | D:4      | Reached XP level 7. HP: 11/34 MP: 2/8
  2469 | D:5      | Entered Level 5 of the Dungeon
  2469 | D:5      | Noticed Blork the orc
  2472 | D:5      | Killed Blork the orc
  2554 | D:5      | Reached skill level 8 in Stealth
  2729 | D:5      | Found a stormy altar of Qazlal.
  2749 | D:5      | Splashed by a jelly's acid

Action                   |  1- 3 |  4- 6 |  7- 9 || total
-------------------------+-------+-------+-------++-------
Melee: Dagger            |    88 |   174 |    87 ||   349
 Fire: Blowgun           |     7 |     3 |     9 ||    19
  Use: Scroll            |       |     4 |       ||     4
 Stab: Sleeping          |     9 |     9 |     8 ||    26
       Distracted        |       |     1 |       ||     1
  Eat: Chunk             |       |     4 |     2 ||     6
